 Dungeon Crawl Stone Soup version 0.22-a0-614-g34fbaa0 (webtiles) character file.

259 Firecrotchwizard the Chopper (level 5, -1/43 HPs)
             Began as a Demonspawn Fighter on July 19, 2018.
             Slain by a shadow imp (2 damage)
             ... on level 4 of the Dungeon.
             The game lasted 00:03:47 (2327 turns).

Firecrotchwizard the Chopper (Demonspawn Fighter)   Turns: 2327, Time: 00:03:47

Health: -1/43      AC:  8    Str: 18    XL:     5   Next: 95%
Magic:  0/5        EV:  4    Int:  9    God:
Gold:   152        SH:  8    Dex: 12    Spells: 4/4 levels left

rFire    . . .     SeeInvis .   a - +0 war axe
rCold    + . .     Gourm    .   c - +0 shield
rNeg     . . .     Faith    .   v - +0 chain mail
rPois    +         Spirit   +   (helmet restricted)
rElec    .         Reflect  .   (no cloak)
rCorr    .         Harm     .   (no gloves)
MR       .....                  (no boots)
Stlth    ..........             (no amulet)
HPRegen  0.14/turn              s - ring of protection from cold {rC+, !d}
MPRegen  0.09/turn              r - ring of poison resistance {rPois, !d}

@: no status effects
A: antennae 1, spiny 1, magic shield
a: no special abilities


You were on level 4 of the Dungeon.
You were not hungry.

You visited 1 branch of the dungeon, and saw 4 of its levels.

You collected 152 gold pieces.

Inventory:

Hand Weapons
 a - a +0 war axe (weapon)
Armour
 b - a +0 scale mail
 c - a +0 shield (worn)
 v - a +0 chain mail (worn)
   (You took it off an orc on level 3 of the Dungeon)
Jewellery
 j - an uncursed ring of flight {+Fly, !d}
   (You found it on level 1 of the Dungeon)
 r - a ring of poison resistance (right hand) {rPois, !d}
   (You found it on level 3 of the Dungeon)
 s - a ring of protection from cold (left hand) {rC+, !d}
   (You found it on level 3 of the Dungeon)
Scrolls
 g - 3 scrolls of remove curse {unknown}
 i - 3 scrolls of teleportation {unknown}
 k - 2 scrolls of noise {unknown}
 m - 4 scrolls of magic mapping {unknown}
 n - 2 scrolls of fear {unknown}
 o - 2 scrolls of fog {unknown}
 p - 3 scrolls of identify {unknown}
 t - a scroll of enchant armour {unknown}
Potions
 d - 2 potions of might
 e - 2 potions of flight {unknown}
 h - 3 potions of brilliance {unknown}
 l - a potion of heal wounds {unknown}
 q - a potion of curing {unknown}
 u - a potion of invisibility {unknown}
Comestibles
 f - 9 rations {@e1}
 w - a chunk of flesh {@w0}


   Skills:
 + Level 4.5 Fighting
 * Level 4.7 Axes
 - Level 2.7 Armour
 - Level 2.7 Shields


You had 4 spell levels left.
You didn't know any spells.
Your spell library was empty.

Dungeon Overview and Level Annotations

Branches:
Dungeon (4/15)
 Temple: D:4-7

Altars:


Innate Abilities, Weirdness & Mutations

You have a pair of small antennae on your head.
You are partially covered in sharp spines.
When hurt, damage is shared between your health and your magic reserves.


Message History

You may need something to eat soon, looking for food.
Can't find anything matching that.
Sorry, you're not good enough to have a special ability.
You now have 135 gold pieces (gained 16).
You now have 147 gold pieces (gained 12).
t - a scroll labeled BATATA PEL HAD
d - 2 potions of might (gained 1)
A worker ant comes into view.
The worker ant twitches its antennae in your direction.
Found 5 gold pieces.
Found a stone staircase leading down and a stone staircase leading up.
You block the worker ant's attack.
You slash the worker ant!
The worker ant is struck by your spines.
The worker ant bites you but does no damage.
You hit the worker ant but do no damage.
The worker ant bites you.
The worker ant bites you but does no damage.
You take 6 damage, and have 37/43 hp.
Your chain mail prevents you from hitting the worker ant.
You block the worker ant's attack. x2
You hit the worker ant but do no damage.
The worker ant is struck by your spines.
The worker ant bites you.
The worker ant is struck by your spines.
The worker ant bites you but does no damage.
You slash the worker ant!
You kill the worker ant!
No target in view!
You may need something to eat soon, looking for food.
Can't find anything matching that.
Sorry, you're not good enough to have a special ability.
You butcher the worker ant corpse.
w - 2 chunks of flesh {@w0} Eating one of 2 chunks of flesh {@w0}.
You eat one of the 2 chunks of flesh {@w0}.
f - 8 rations {@e1} (gained 1)
You now have 152 gold pieces (gained 5).
g - 3 scrolls labeled JIPRUB ZECAEB (gained 1)
f - 9 rations {@e1} (gained 1)
The shadow imp shouts, "Remove thy stench, thou feckless flap-mouthed guttersnipe!"
The shadow imp is too close now for your liking.
You regained 3 hp, and now have 40/43 hp.
The shadow imp hits you.
You take 1 damage, and have 39/43 hp.
You closely miss the shadow imp. The shadow imp gestures at you.
Pain shoots through your body!
You take 5 damage, and have 34/43 hp.
You now have 4/5 mp.
You hit the shadow imp but do no damage.
The shadow imp is struck by your spines.
The shadow imp barely misses you.
You barely miss the shadow imp. The shadow imp gestures at you.
Pain shoots through your body! The shadow imp gestures at you.
Pain shoots through your body!
You take 17 damage, and have 17/43 hp.
MASSIVE DAMAGE!!
You now have 2/5 mp.
You hit the shadow imp but do no damage.
The shadow imp gestures at you. Pain shoots through your body!
* * * LOW HITPOINT WARNING * * *
You take 8 damage, and have 9/43 hp.
You now have 1/5 mp.
You hit the shadow imp but do no damage.
The shadow imp completely misses you. You block the shadow imp's attack.
Unknown command.
Your shield and chain mail prevent you from hitting the shadow imp.
You block the shadow imp's attack.
You hit the shadow imp but do no damage.
The shadow imp hits you.
* * * LOW HITPOINT WARNING * * *
You take 1 damage, and have 9/43 hp.
You now have 0/5 mp.
Your shield and chain mail prevent you from hitting the shadow imp.
You block the shadow imp's attack.
The shadow imp is struck by your spines.
The shadow imp hits you but does no damage.
You closely miss the shadow imp.
The shadow imp hits you but does no damage.
Your shield and chain mail prevent you from hitting the shadow imp.
The shadow imp gestures at you. Pain shoots through your body!
* * * LOW HITPOINT WARNING * * *
You take 6 damage, and have 3/43 hp.
You now have 0/5 mp.
You closely miss the shadow imp. You block the shadow imp's attack.
The shadow imp hits you.
* * * LOW HITPOINT WARNING * * *
You take 1 damage, and have 2/43 hp.
You hit the shadow imp but do no damage.
The shadow imp hits you.
* * * LOW HITPOINT WARNING * * *
You take 1 damage, and have 1/43 hp.
Unknown command.
You closely miss the shadow imp.
The shadow imp hits you but does no damage.
You hit the shadow imp.
The shadow imp shouts, "Flee, thou skyhacking bat-fowling wastrel!"
You block the shadow imp's attack. The shadow imp hits you.
You die...

#.......# #.....?.#
#.......# #.......#####
########...........#
#########... .......<..#
..........######.......#
###.........# #.5.....#
#.........####@......#
#....................#
#.........##.........#
#.........##.........#
###.........##......$..#
............##.........#
...#.#########........(#
.....# #.........#
###....# ..[.......


You could see a shadow imp.

Vanquished Creatures
  2 howler monkeys
  An iguana (D:3)
  2 worker ants (D:4)
  4 adders
  2 oozes (D:3)
  A worm (D:2)
  A dart slug (D:2)
  6 orcs (D:3)
  2 goblins (D:1)
  5 hobgoblins
  6 jackals
  11 kobolds
  5 bats
  7 frilled lizards
  8 rats
63 creatures vanquished.

Notes
Turn   | Place    | Note
-------+----------+-------------------------------------------
     0 | D:1      | Firecrotchwizard the Demonspawn Fighter began the quest for the Orb.
     0 | D:1      | Reached XP level 1. HP: 18/18 MP: 1/1
    20 | D:1      | Reached skill level 2 in Axes
   227 | D:1      | Gained mutation: When hurt, damage is shared between your health and your magic reserves. [demonic ancestry]
   227 | D:1      | Reached XP level 2. HP: 24/24 MP: 2/2
   906 | D:2      | Gained mutation: You have a pair of small antennae on your head. [demonic ancestry]
   906 | D:2      | Reached XP level 3. HP: 20/29 MP: 3/3
  1106 | D:2      | Reached skill level 3 in Axes
  1106 | D:2      | Gained mutation: You are partially covered in sharp spines. [demonic ancestry]
  1106 | D:2      | Reached XP level 4. HP: 29/37 MP: 2/4
  1696 | D:3      | Reached skill level 4 in Fighting
  1883 | D:3      | Reached skill level 4 in Axes
  1883 | D:3      | Reached XP level 5. HP: 25/42 MP: 3/5
  2317 | D:4      | HP: 9/43 [shadow imp/nerve-wracking pain (8)]
  2323 | D:4      | HP: 3/43 [shadow imp/nerve-wracking pain (6)]
  2325 | D:4      | HP: 1/43 [shadow imp (1)]
  2327 | D:4      | Slain by a shadow imp

Vault maps used:
D:1:      minmay_arrival_radiant_lines
D:3:      first_ration, minivault_25
D:4:      nicolae_overflow_quartered_altars, minmay_temple_entry_hall

Skill      XL: |  1  2  3  4 |
---------------+-------------+-----
Axes           | 2 3 4 |  4.7
Fighting       | 4 |  4.5
Armour         | |  2.7
Shields        | |  2.7

Action                   |  1- 3 |  4- 6 || total
-------------------------+-------+-------++-------
Melee: War axe           |    73 |   101 ||   174
  Eat: Chunk             |     1 |     4 ||     5
Armor: Scale mail        |    31 |    23 ||    54
       Chain mail        |       |    17 ||    17
Dodge: Dodged            |    24 |    38 ||    62
Block: Shield            |    40 |    61 ||   101

Table legend:
 A = Spawn XP
 B = Non-spawn XP
 C = Spawn XP percentage of total XP
 D = Spawn monster count
 E = Non-spawn monster count
 F = Spawn count percentage of total count
 G = Total turns spent on level
                    A         B        C        D         E        F      G
               +---------+---------+-------+---------+---------+-------+---------
         Total |       0 |     371 |   0.0 |       0 |      63 |   0.0 |  2327
               +---------+---------+-------+---------+---------+-------+---------
           D:1 |       0 |      28 |   0.0 |       0 |      19 |   0.0 |   843
           D:2 |       0 |     106 |   0.0 |       0 |      16 |   0.0 |   638
           D:3 |       0 |     113 |   0.0 |       0 |      25 |   0.0 |   753
           D:4 |       0 |     124 |   0.0 |       0 |       3 |   0.0 |    93
               +---------+---------+-------+---------+---------+-------+---------

Vault maps used:
D:1:      minmay_arrival_radiant_lines
D:3:      first_ration, minivault_25
D:4:      nicolae_overflow_quartered_altars, minmay_temple_entry_hall

Table legend:
 A = Turns spent in this place as a percentage of turns spent in the entire game.
 B = Non-inter-level travel turns spent in this place as a percentage of non-inter-level travel turns spent in the entire game.
 C = Inter-level travel turns spent in this place as a percentage of turns spent in this place.
 D = Turns resting spent in this place as a percentage of non-inter-level travel turns spent in this place.
 E = Turns spent auto-exploring this place as a percentage of non-inter-level travel turns spent in this place.
 F = Non-inter-level travel turns spent in this place divided by the number of levels of this place that you've seen.
                   A       B       C       D       E      F
               +-------+-------+-------+-------+-------+----------------------
         Total | 100.0 | 100.0 |   2.9 |  31.2 |  52.8 | 564.8
       Dungeon | 100.0 | 100.0 |   2.9 |  31.2 |  52.8 | 564.8
               +-------+-------+-------+-------+-------+----------------------

Table legend:
 A = Kills in this place as a percentage of kills in entire the game.
 B = Kills by you in this place as a percentage of kills by you in the entire game.
 C = Kills by friends in this place as a percentage of kills by friends in the entire game.
 D = Other kills in this place as a percentage of other kills in the entire game.
 E = Experience gained in this place as a percentage of experience gained in the entire game.
 F = Experience gained in this place divided by the number of levels of this place that you have seen.
                   A       B       C       D       E      F
               +-------+-------+-------+-------+-------+----------------------
         Total | 100.0 | 100.0 |   N/A |   N/A | 100.0 |  92.8
       Dungeon | 100.0 | 100.0 |   N/A |   N/A | 100.0 |  92.8
               +-------+-------+-------+-------+-------+----------------------
